 Dungeon Crawl Stone Soup version 0.18.1-6-gd335043 (webtiles) character file.

52220 Hipnos the Unseen (level 14, 0/63 HPs)
             Began as a Spriggan Enchanter on May 16, 2016.
             Was a Priest of Nemelex Xobeh.
             Killed from afar by a black draconian (39 damage)
             ... with a bolt of lightning
             ... on level 3 of the Abyss on May 17, 2016.
             The game lasted 01:45:48 (22628 turns).

Hipnos the Unseen (Spriggan Enchanter)             Turns: 22628, Time: 01:45:49

Health: 0/63       AC:  9    Str:  4      XL:     14   Next: 26%
Magic:  7/27       EV: 24    Int: 18 (21) God:    Nemelex Xobeh [***...]
Gold:   1222       SH:  6    Dex: 17      Spells: 5 memorised, 27 levels left

rFire  + . .     SeeInvis +     l - +3 dagger (holy)
rCold  + . .     Gourm    .     M - +1 robe {rC+}
rNeg   . . .     Faith    .     H - +0 buckler of a bailey {+Inv rCorr Int-2 SInv}
rPois  +         Spirit   .     k - +2 hat
rElec  .         Dismiss  +     u - +2 cloak
rCorr  +         Reflect  .     (gloves unavailable)
SustAt .         Harm     .     (boots unavailable)
MR     ++...     Rnd*Rage +     q - amulet of dismissal
Stlth  +++++++++.               E - ring of poison resistance
                                A - ring of protection from fire

@: about to teleport, very quick, very resistant to hostile enchantments,
incredibly stealthy
A: unfitting armour, hooves 1, horns 1, icy blue scales 1, see invisible,
berserk 1, clever 1, herbivore 3, speed 3, low mp 2, slow metabolism 2, wild
magic 1
a: Triple Draw, Renounce Religion, Evoke Invisibility


You were on level 3 of the Abyss.
You worshipped Nemelex Xobeh.
Nemelex Xobeh was most pleased with you.
You were full.

You visited 3 branches of the dungeon, and saw 21 of its levels.
You visited the Abyss 1 time.

You collected 1246 gold pieces.
You spent 24 gold pieces at shops.

Inventory:

Hand Weapons
 l - a +3 dagger of holy wrath (weapon)
 W - a +3 blowgun
Armour
 k - a +2 hat (worn)
 u - a +2 cloak (worn)
 H - the +0 buckler of a bailey (worn) {+Inv rCorr Int-2 SInv}
   (You found it on level 9 of the Dungeon)

   It affects your intelligence (-2).
   It lets you see invisible.
   It lets you turn invisible.
   It protects you from acid and corrosion.
 M - a +1 robe of cold resistance (worn)
Jewellery
 p - an uncursed ring of protection from cold
 q - an amulet of dismissal (around neck)
 A - a ring of protection from fire (left hand)
 E - a ring of poison resistance (right hand)
Wands
 g - a wand of paralysis (13/24)
 i - a wand of disintegration (18/24)
 s - a wand of flame (16/48)
 y - a wand of lightning (8/15)
 K - a wand of flame (32/48)
 Q - a wand of digging (6/24)
Scrolls
 b - a scroll of silence
 e - 8 scrolls of teleportation
 j - a scroll of vulnerability {unknown}
 n - a scroll of amnesia
 t - 6 scrolls of remove curse
 w - 2 scrolls of blinking
 C - a scroll of fog
 G - 3 scrolls of recharging
 N - a scroll of summoning
 P - 3 scrolls of magic mapping
 R - a scroll of identify
 Z - a scroll of fear
Potions
 f - 5 potions of haste
 h - a potion of magic
 m - 2 potions of flight
 o - a potion of invisibility
 B - 2 potions of agility {unknown}
 D - 4 potions of curing
 F - 5 potions of heal wounds
 I - 5 potions of degeneration {unknown}
 J - 2 potions of berserk rage {unknown}
 L - a potion of might
 O - 3 potions of cure mutation {unknown}
 T - a potion of resistance {unknown}
Books
 c - a book of Maledictions

   Spells                             Type                      Level
   a - Corona                         Hexes                        1
   b - Ensorcelled Hibernation        Hexes/Ice                    2
   c - Confuse                        Hexes                        3
   d - Tukima's Dance                 Hexes                        3
   e - Dazzling Spray                 Conjuration/Hexes            3
 r - a book of Party Tricks

   Spells                             Type                      Level
   a - Summon Butterflies             Summoning                    1
   b - Apportation                    Translocation                1
   c - Tukima's Dance                 Hexes                        3
   d - Alistair's Intoxication        Transmutation/Poison         5
   e - Invisibility                   Hexes                        6
 U - a book of Power

   Spells                             Type                      Level
   a - Fulminant Prism                Conjuration/Hexes            4
   b - Iskenderun's Mystic Blast      Conjuration                  4
   c - Venom Bolt                     Conjuration/Poison           5
   d - Bolt of Magma                  Conjuration/Fire/Earth       5
   e - Iron Shot                      Conjuration/Earth            6
   f - Orb of Destruction             Conjuration                  7
   g - Spellforged Servitor           Conjuration/Summoning        7
 X - a book of Fire

   Spells                             Type                      Level
   a - Ignite Poison                  Fire/Transmutation/Poison    3
   b - Fireball                       Conjuration/Fire             5
   c - Bolt of Fire                   Conjuration/Fire             6
   d - Delayed Fireball               Conjuration/Fire             7
   e - Ring of Flames                 Charms/Fire                  7
Miscellaneous
 a - a fan of gales (inert)
 x - a plain deck of escape {drawn: 3}
 V - a box of beasts
 Y - a plain deck of war
Comestibles
 d - 9 bread rations
 v - 17 fruits
 z - 10 slices of pizza
 S - a royal jelly


   Skills:
 + Level 2.5 Fighting
 + Level 5.2 Short Blades
 + Level 8.9 Dodging
 + Level 20.5 Stealth
 + Level 1.9 Shields
 * Level 15.0 Spellcasting
 * Level 14.2 Hexes
 - Level 1.1 Ice Magic
 * Level 8.7 Evocations


You had 27 spell levels left.
You knew the following spells:

 Your Spells              Type           Power        Failure   Level  Hunger
b - Ensorcelled Hibernat  Hex/Ice        ######       1%          2    None
c - Confuse               Hex            ######..     1%          3    None
d - Summon Butterflies    Summ           ###.....     14%         1    None
e - Invisibility          Hex            ######..     4%          6    #####..
f - Fulminant Prism       Conj/Hex       ######....   8%          4    None


Dungeon Overview and Level Annotations

Branches:
Dungeon (13/15)            Temple (1/1) D:6            Lair (7/8) D:8
 Shoals (0/4) Lair:4        Snake (0/4) Lair:5          Orc (0/2) D:10
  Slime: Lair:6-8    Vaults: D:13-14

Altars:
Ashenzari
Cheibriados
Dithmenos
Elyvilon
Fedhas
Gozag
Kikubaaqudgha
Makhleb
Nemelex Xobeh
Okawaru
Pakellas
Qazlal
Ru
Sif Muna
Trog
Vehumet
Xom
Yredelemnul
Zin
The Shining One

Shops:
D:5 %   D:6 %   D:7 (   D:8 *(   D:11 ?   D:12 %

Portals:
Trove: D:10 (give horn of Geryon)

Annotations:
D:8 Joseph


Innate Abilities, Weirdness & Mutations

You are tiny and cannot use many weapons and most armour.
You have supernaturally acute eyesight.
You are a herbivore.
You cover ground extremely quickly.
You need consume almost no food.
You have large cloven feet.
You have a pair of small horns on your head.
You are partially covered in icy blue scales (AC +1).
You tend to lose your temper in combat.
Your mind is acute. (Int +2)
Your magical capacity is very low (-20% MP).
Your spells are a little harder to cast, but a little more powerful.


Message History

Zapping:
Q - a wand of digging (will waste charges)
Press: ? - help, Shift-Dir - straight line Nothing appears to happen.
Evoking this partially-identified wand wasted a few charges.
Okay, then.
Read which item? (? for menu, Esc to quit)
As you read the scroll of teleportation, it crumbles to dust.
You feel strangely unstable.
You feel the power of the Abyss delaying your translocation!
The blink frog blinks!
The ynoxinul gestures.
The black draconian closely misses you.
The rakshasa completely misses your air elemental.
Drink which item? (? for menu, Esc to quit)
You feel much better.
Your air elemental misses the rakshasa.
The black draconian breathes lightning at you.
The bolt of lightning hits you!
Ouch! That really hurt!
You die...
Your body glows with a rainbow of weird colours and disappears.

..# ..#
###### ..
#(.R.# E.
#.E#'# ##
#@##.###..+
#.dRF.455.##
.
####§##35..#
# #.##
###§#/###...#
#....§#R§3
⌠5#..... #..
..GYY5
.5#...# .##
...#5R5# ..#
# 5### #
#F§..# ##
#§##.§§


You could see a black draconian, a rakshasa, an ice devil, an efreet, a blink
frog, a ynoxinul, 3 ufetubi and a friendly air elemental.

Vanquished Creatures
  Maud (Lair:3)
  2 very ugly things (Abyss:2)
  A vault guard (D:10)
  4 hydras
  A centaur warrior (D:12)
  Erica (D:10)
  A thrashing horror (Abyss:2)
  An unseen horror (Abyss:2)
  Pikel (D:5)
  4 hill giants
  An orc knight (D:10)
  A deep elf mage (D:12)
  A manticore (Lair:4)
  A sixfirhy (Abyss:2)
  A griffon (Lair:4)
  Maurice (D:12)
  5 elephants
  13 black mambas
  11 spiny frogs
  3 gargoyles
  2 torpor snails
  4 kobold demonologists
  5 komodo dragons
  An anaconda simulacrum (Abyss:2)
  An efreet (Abyss:2)
  An ancient zyme (Abyss:2)
  21 blink frogs
  2 large abominations (Abyss:2)
  A raiju (Abyss:2)
  Sigmund (D:3)
  A small abomination (Abyss:2)
  An ettin skeleton (Abyss:2)
  3 wyverns
  34 yaks
  A human (D:7)
  3 basilisks
  2 neqoxecs (Abyss:2)
  Grum (D:10)
  14 hippogriffs
  A hungry ghost (D:13)
  Menkaure (D:5)
  17 water moccasins
  6 porcupines
  7 orc warriors
  A black bear (D:7)
  3 ice beasts
  4 sky beasts
  6 wolves
  3 ogres
  An eye of draining (D:12)
  A boggart (D:12)
  8 centaurs
  11 crocodiles
  21 giant frogs
  5 big kobolds
  A gnoll sergeant (D:7)
  5 scorpions
  Dowan (D:5)
  17 killer bees
  4 wights (D:6)
  2 howler monkeys
  An electric eel (Lair:2)
  3 crimson imps
  3 giant frog zombies
  The ghost of sergedm the Conjurer, a weakling DECj (D:3)
  2 centaur zombies
  9 hounds
  3 quasits
  A wasp zombie (D:8)
  Crazy Yiuf (D:3)
  2 centaur skeletons
  2 jellies
  4 orc priests
  A giant frog skeleton (D:10)
  9 iguanas
  9 orc wizards
  12 worker ants
  Natasha (D:3)
  9 sheep
  A hound skeleton (D:7)
  Robin (D:3)
  5 gnolls (D:7)
  15 adders
  25 river rats
  5 shadow imps
  An adder zombie (D:7)
  An adder skeleton (D:4)
  2 worms
  A dart slug (D:1)
  7 giant geckos
  35 orcs
  5 ball pythons
  16 bats
  2 giant cockroaches (D:1)
  12 goblins
  11 hobgoblins
  11 jackals
  21 kobolds
  7 quokkas
  4 giant newts
  14 rats
  A fulminant prism (Lair:3)
  4 fungi
560 creatures vanquished.

Vanquished Creatures (others)
  Duvessa (D:5)
  A slave (D:5)
  A giant gecko skeleton (D:5)
  19 fulminant prisms
  8 fungi
  3 plants
33 creatures vanquished.

Grand Total: 593 creatures vanquished

Notes
Turn   | Place    | Note
--------------------------------------------------------------
     0 | D:1      | Hipnos the Spriggan Enchanter began the quest for the Orb.
     0 | D:1      | Reached XP level 1. HP: 9/9 MP: 5/5
   596 | D:1      | Reached XP level 2. HP: 10/13 MP: 6/6
   604 | D:1      | Learned a level 2 spell: Ensorcelled Hibernation
   618 | D:1      | Reached skill level 5 in Stealth
  1126 | D:2      | Reached XP level 3. HP: 10/16 MP: 3/8
  1216 | D:2      | Found a stormy altar of Qazlal.
  1842 | D:3      | Noticed Sigmund
  1847 | D:3      | Killed Sigmund
  1847 | D:3      | Reached skill level 7 in Stealth
  1847 | D:3      | Reached skill level 1 in Ice Magic
  1847 | D:3      | Reached XP level 4. HP: 8/21 MP: 3/11
  1847 | D:3      | Reached XP level 5. HP: 10/24 MP: 3/12
  2165 | D:3      | Learned a level 3 spell: Confuse
  2190 | D:3      | Found a faded altar to an unknown god.
  2492 | D:3      | Noticed Robin
  3043 | D:3      | Killed Robin
  3043 | D:3      | Reached XP level 6. HP: 24/28 MP: 4/13
  3615 | D:3      | Noticed Crazy Yiuf
  3621 | D:3      | Killed Crazy Yiuf
  3621 | D:3      | Reached skill level 5 in Hexes
  3722 | D:3      | Noticed Natasha
  3733 | D:3      | Killed Natasha
  3733 | D:3      | Reached skill level 8 in Stealth
  3776 | D:3      | Noticed sergedm's ghost (weakling DECj)
  3801 | D:3      | Killed sergedm's ghost
  4057 | D:4      | Found a white marble altar of Elyvilon.
  4209 | D:4      | Reached XP level 7. HP: 32/32 MP: 12/15
  4213 | D:4      | Reached skill level 5 in Spellcasting
  4239 | D:4      | Found a burning altar of Makhleb.
  4320 | D:4      | Found a shadowy altar of Dithmenos.
  4346 | D:4      | Found an oddly glowing altar of Pakellas.
  4346 | D:4      | Found a deep blue altar of Sif Muna.
  4397 | D:4      | Reached skill level 9 in Stealth
  4775 | D:5      | Entered Level 5 of the Dungeon
  4858 | D:5      | You fall through a shaft!
  4898 | D:6      | Reached skill level 5 in Dodging
  4898 | D:6      | Reached skill level 10 in Stealth
  4930 | D:5      | Reached XP level 8. HP: 36/36 MP: 17/17
  4960 | D:5      | Found Vaonethu's Food Shop.
  5178 | D:5      | Noticed Pikel
  5183 | D:5      | Killed Pikel
  5183 | D:5      | Reached skill level 11 in Stealth
  5377 | D:5      | Noticed Dowan
  5383 | D:5      | Killed Dowan
  5425 | D:5      | Found a basalt altar of Yredelemnul.
  5432 | D:5      | Killed Duvessa
  5448 | D:5      | Reached skill level 12 in Stealth
  5645 | D:5      | Noticed Menkaure
  5660 | D:5      | Killed Menkaure
  5660 | D:5      | Reached XP level 9. HP: 33/40 MP: 15/20
  5695 | D:5      | Found a snail-covered altar of Cheibriados.
  5990 | D:6      | Found Cukhun's Food Shop.
  6083 | D:6      | Found a staircase to the Ecumenical Temple.
  6099 | D:6      | Reached skill level 13 in Stealth
  6122 | Temple   | Entered the Ecumenical Temple
  6462 | D:7      | Found Racweasy's Weapon Shoppe.
  6609 | D:7      | Reached skill level 14 in Stealth
  7379 | D:7      | Reached XP level 10. HP: 44/44 MP: 13/23
  7556 | D:8      | Found Ussioshro's Serpentskin Sales.
  7812 | D:8      | Found Egic's Weapon Emporium.
  7961 | D:8      | Reached skill level 1 in Shields
  7979 | D:8      | Reached skill level 15 in Stealth
  8216 | D:8      | Noticed Joseph
  8655 | D:8      | Found a staircase to the Lair.
  9436 | D:9      | Found a sacrificial altar of Ru.
  9507 | D:9      | Reached skill level 1 in Fighting
  9620 | D:9      | Got a faintly glowing buckler
  9631 | D:9      | Identified the cursed +0 buckler of a bailey {+Inv rCorr Int-2 SInv} (You found it on level 9 of the Dungeon)
  9696 | D:9      | Gained mutation: You have large cloven feet. [potion of mutation]
  9696 | D:9      | Gained mutation: You tend to lose your temper in combat. [potion of mutation]
  9891 | D:10     | Entered Level 10 of the Dungeon
 10232 | D:10     | Noticed an orc knight
 10232 | D:10     | Noticed Erica
 10386 | D:10     | Reached skill level 1 in Evocations
 10486 | D:10     | Noticed a hill giant
 10492 | D:10     | Killed a hill giant
 10492 | D:10     | Reached skill level 16 in Stealth
 10493 | D:10     | Found a staircase to the Orcish Mines.
 10505 | D:10     | Reached skill level 10 in Spellcasting
 10507 | D:10     | Killed an orc knight
 10515 | D:10     | Killed Erica
 10515 | D:10     | Reached XP level 11. HP: 49/49 MP: 26/26
 10626 | D:10     | Noticed a sea snake
 10741 | D:10     | Noticed a vault guard
 10744 | D:10     | Killed a vault guard
 10747 | D:10     | Found a portal to a secret trove of treasure.
 10854 | D:10     | Noticed Grum
 10922 | D:10     | Killed Grum
 10968 | D:10     | HP: 2/49 [wolf[Grum] (6)]
 10979 | D:10     | Reached skill level 10 in Hexes
 11374 | D:10     | Noticed a sea snake
 11670 | D:11     | Noticed a hill giant
 11677 | D:11     | Killed a hill giant
 11677 | D:11     | Reached skill level 17 in Stealth
 11678 | D:11     | Noticed a hill giant
 11686 | D:11     | Killed a hill giant
 11686 | D:11     | Reached skill level 5 in Evocations
 12074 | D:11     | Found Eleruc's Magic Scroll Shoppe.
 12093 | D:11     | Bought a scroll of identify for 24 gold pieces
 12252 | D:12     | Noticed a deep elf mage
 12409 | D:12     | Found Figimaa's Food Shop.
 12414 | D:12     | Noticed a centaur warrior
 12678 | D:12     | Killed a centaur warrior
 12821 | D:12     | Noticed Maurice
 12828 | D:12     | Killed Maurice
 12972 | D:12     | Reached XP level 12. HP: 53/53 MP: 5/28
 13252 | D:12     | Identified a scroll of acquirement
 13256 | D:12     | Learned a level 1 spell: Summon Butterflies
 13263 | D:12     | Learned a level 6 spell: Invisibility
 14030 | Lair:1   | Entered Level 1 of the Lair of Beasts
 14074 | Lair:1   | Noticed an eight-headed hydra
 14082 | Lair:1   | Killed an eight-headed hydra
 14134 | Lair:1   | Reached skill level 18 in Stealth
 14599 | Lair:2   | Learned a level 4 spell: Fulminant Prism
 15764 | Lair:3   | Noticed Maud
 15805 | Lair:3   | Killed Maud
 16567 | Lair:3   | Reached skill level 19 in Stealth
 16599 | Lair:3   | Reached XP level 13. HP: 58/58 MP: 31/31
 17388 | Lair:4   | Found a staircase to the Shoals.
 17903 | Lair:5   | Found a staircase to the Snake Pit.
 19036 | Lair:5   | Reached skill level 5 in Short Blades
 19432 | Lair:4   | Found a sparkling altar of Nemelex Xobeh.
 19497 | Lair:4   | Became a worshipper of Nemelex Xobeh the Trickster
 20037 | Lair:6   | Received a gift from Nemelex Xobeh
 20242 | Lair:6   | Reached skill level 20 in Stealth
 20264 | Lair:6   | Reached * piety under Nemelex Xobeh
 20380 | Lair:6   | Received a gift from Nemelex Xobeh
 20624 | Lair:6   | Gained mutation: You have a pair of small horns on your head. [potion of mutation]
 20681 | Lair:6   | Gained mutation: Your spells are a little harder to cast, but a little more powerful. [potion of mutation]
 20681 | Lair:6   | Gained mutation: Your mind is acute. (Int +2) [potion of mutation]
 20958 | Lair:7   | Gained mutation: You are partially covered in icy blue scales (AC +1). [potion of beneficial mutation]
 21174 | Lair:7   | Reached ** piety under Nemelex Xobeh
 21200 | Lair:7   | Reached XP level 14. HP: 62/63 MP: 27/33
 21529 | Lair:6   | Cast into level 2 of the Abyss (the power of Zot)
 21584 | Abyss:2  | Noticed an angel
 21600 | Abyss:2  | Received a gift from Nemelex Xobeh
 21651 | Abyss:2  | Noticed a deep elf elementalist
 21926 | Abyss:2  | Noticed a tentacled starspawn
 21956 | Abyss:2  | Noticed a bone dragon
 22145 | Abyss:2  | Received a gift from Nemelex Xobeh
 22197 | Abyss:2  | Noticed a tentacled starspawn
 22247 | Abyss:2  | Noticed a starcursed mass
 22260 | Abyss:2  | Reached *** piety under Nemelex Xobeh
 22282 | Abyss:2  | Gained mutation: Your magical capacity is low (-10% MP). [a neqoxec]
 22283 | Abyss:2  | Gained mutation: Your magical capacity is very low (-20% MP). [a neqoxec]
 22376 | Abyss:2  | Received a gift from Nemelex Xobeh
 22521 | Abyss:2  | Noticed a brown very ugly thing
 22522 | Abyss:2  | Noticed a brown very ugly thing
 22522 | Abyss:2  | Killed a brown very ugly thing
 22526 | Abyss:2  | Killed a brown very ugly thing
 22532 | Abyss:2  | Reached skill level 15 in Spellcasting
 22560 | Abyss:3  | Found a corrupted altar of Lugonu.
 22620 | Abyss:3  | HP: 3/63 [hellion/damnation (31)]
 22628 | Abyss:3  | Killed from afar by a black draconian

Skill      XL: |  1  2  3  4  5  6  7  8  9 10 11 12 13 14 |
---------------+-------------------------------------------+-----
Hexes          | 4 5 6 8 9 11 12 13 14 | 14.2
Stealth        | 5 7 8 10 12 14 16 17 19 20 | 20.5
Spellcasting   | 3 4 5 7 8 10 11 13 14 15 | 15.0
Ice Magic      | 1 |  1.1
Dodging        | 4 5 6 7 8 |  8.9
Short Blades   | 2 3 4 5 |  5.2
Shields        | 1 |  1.9
Fighting       | 1 2 |  2.5
Evocations     | 3 6 7 8 |  8.7

Action                   |  1- 3 |  4- 6 |  7- 9 | 10-12 | 13-15 || total
-------------------------+-------+-------+-------+-------+-------++-------
Melee: Dagger            |    62 |   149 |   219 |   569 |   286 ||  1285
       Short sword       |    13 |       |       |       |       ||    13
       Kick              |       |       |       |    76 |    49 ||   125
       Headbutt          |       |       |       |       |    11 ||    11
 Cast: Ensorcelled Hiber |    21 |    41 |    84 |   187 |   106 ||   439
       Confuse           |       |     6 |    15 |    46 |    58 ||   125
       Invisibility      |       |       |       |     2 |     2 ||     4
       Fulminant Prism   |       |       |       |       |    20 ||    20
 Abil: Evoke Invisibilit |       |       |       |     4 |       ||     4
Evoke: Deck              |       |       |       |       |     9 ||     9
       Wand              |       |       |       |       |     1 ||     1
       Fan of gales      |       |       |       |       |     1 ||     1
  Use: Scroll            |     2 |       |     4 |    13 |    12 ||    31
       Potion            |       |     1 |     3 |     2 |     5 ||    11
 Stab: Sleeping          |    24 |    37 |    65 |   163 |   102 ||   391
       Distracted        |     1 |     2 |     2 |     2 |     4 ||    11
       Confused          |       |     4 |    10 |    33 |    28 ||    75
       Invisible         |       |       |     3 |    29 |     6 ||    38
  Eat: Pizza             |       |     2 |       |     4 |       ||     6
       Bread ration      |       |       |     1 |     1 |     2 ||     4
       Royal jelly       |       |       |       |     1 |       ||     1
Armor: Robe              |     7 |    17 |    24 |    62 |    19 ||   129
       Skin              |       |    14 |       |       |       ||    14
Dodge: Dodged            |    57 |   111 |   117 |   438 |   233 ||   956
Block: Buckler           |       |    29 |    38 |   147 |    25 ||   239
